 Dungeon Crawl Stone Soup version 0.26.0-7-g794d0892b4 (webtiles) character file.

Game seed: 1553399398686762832

3339 trckry the Destroyer (level 10, -3/51 HPs)
             Began as a Vine Stalker Conjurer on Jan 10, 2021.
             Slain by a wyvern (6 damage)
             ... on level 8 of the Dungeon.
             The game lasted 00:18:57 (8580 turns).

trckry the Destroyer (Vine Stalker Conjurer)        Turns: 8580, Time: 00:18:58

Health: -3/51      AC:  4    Str:  9    XL:     10   Next: 2%
Magic:  0/18       EV: 14    Int: 21    God:
Gold:   470        SH:  0    Dex: 14    Spells: 16/19 levels left

rFire    . . .     SeeInvis .   C - +2 trident (venom)
rCold    . . .     Faith    .   (no shield)
rNeg     . . .     Spirit   +   a - +0 robe
rPois    +         Reflect  .   q - +0 helmet
rElec    .         Harm     .   B - scarf {repulsion}
rCorr    .         Rampage  .   (no gloves)
Will     +....                  c - +0 pair of boots
Stlth    ++........             (no amulet)
HPRegen  0.57/turn              y - ring of poison resistance
MPRegen  0.16/turn              (no ring)

@: repel missiles
A: fangs 3, regeneration 1, magic shield, antimagic bite, no potion heal 3
a: no special abilities


You were on level 8 of the Dungeon.
You visited 2 branches of the dungeon, and saw 9 of its levels.

You collected 470 gold pieces.

Inventory:

Hand Weapons
 C - a +2 trident of venom (weapon)
 F - a +0 quarterstaff
Missiles
 I - 2 throwing nets
Armour
 a - a +0 robe (worn)
 c - a +0 pair of boots (worn)
 f - a +0 cloak
 k - a cursed -2 robe
 q - a +0 helmet (worn)
 u - a +2 kite shield
 B - a scarf of repulsion (worn)
Jewellery
 y - a ring of poison resistance (left hand)
 A - a +6 ring of strength {unknown}
Wands
 o - a wand of flame (12)
 v - a wand of digging (1)
Scrolls
 d - 6 scrolls of fog {unknown}
 e - 6 scrolls of identify {unknown}
 i - 2 scrolls of enchant armour {unknown}
 j - 4 scrolls of blinking {unknown}
 l - a scroll of magic mapping {unknown}
 m - a scroll of noise {unknown}
 n - a scroll of enchant weapon {unknown}
 p - 8 scrolls of remove curse {unknown}
 r - 2 scrolls of immolation {unknown}
 t - 6 scrolls of teleportation {unknown}
 E - a scroll of amnesia {unknown}
 K - a scroll of fear {unknown}
Potions
 b - 3 potions of brilliance {unknown}
 g - a potion of invisibility {unknown}
 h - 2 potions of magic {unknown}
 s - a potion of haste {unknown}
 w - 2 potions of lignification {unknown}
 x - 2 potions of cancellation {unknown}
 z - 2 potions of berserk rage {unknown}
 D - 2 potions of heal wounds {unknown}
 G - a potion of curing {unknown}
 H - 2 potions of resistance {unknown}
 J - a potion of ambrosia {unknown}
 L - 2 potions of mutation {unknown}


   Skills:
 + Level 4.8 Fighting
 + Level 4.7 Dodging
 - Level 2.4 Stealth
 + Level 4.0 Shields
 - Level 5.0 Spellcasting
 * Level 8.9 Conjurations
 + Level 4.4 Evocations


You had 16 spell levels left.
You knew the following spells:

 Your Spells              Type           Power        Failure   Level
a - Magic Dart            Conj           100%         1%          1
b - Searing Ray           Conj           86%          1%          2

Your spell library contained the following spells:

 Spells                   Type           Power        Failure   Level
 Dazzling Flash           Conj/Hex       48%          5%          3
 Beastly Appendage        Tmut           10%          11%         1
 Corona                   Hex            5%           11%         1
 Slow                     Hex            5%           16%         2
 Wereblood                Tmut           5%           16%         2
 Fulminant Prism          Conj/Hex       12%          17%         4
 Iskenderun's Mystic Bla  Conj/Tloc      24%          17%         4
 Inner Flame              Hex/Fire       5%           32%         3
 Portal Projectile        Hex/Tloc       10%          32%         3
 Spider Form              Tmut/Pois      2%           32%         3
 Cause Fear               Hex            2%           71%         4
 Ice Form                 Ice/Tmut       5%           71%         4
 Leda's Liquefaction      Hex/Erth       2%           71%         4
 Blade Hands              Tmut           2%           96%         5


Dungeon Overview and Level Annotations

Branches:
Dungeon (8/15)             Temple (1/1) D:4
   Lair: D:8-11

Altars:
Ashenzari
Cheibriados
Dithmenos
Elyvilon
Fedhas
Gozag
Hepliaklqana
Makhleb
Okawaru
Ru
Sif Muna
Trog
Uskayaw
Yredelemnul
Zin
The Shining One


Innate Abilities, Weirdness & Mutations

You have razor-sharp teeth.
Your natural rate of healing is unusually fast.
When hurt, damage is shared between your health and your magic reserves.
Your bite disrupts and absorbs the magic of your enemies.
Potions cannot restore your health.


Message History

The searing ray hits the wyvern!
The wyvern is moderately wounded.
The wyvern bites you!
The searing ray hits the wyvern.
The wyvern is heavily wounded.
You finish channeling your searing ray.
The wyvern bites you! x2
The wyvern closely misses you.
Casting: Searing Ray (safe; 1% risk of failure)
Confirm with . or Enter, or press ? or * to list all spells.
Aiming: Searing Ray (safe; 1% risk of failure)
Press: ? - help, Shift-Dir - straight line, f - wyvern
Aim: a wyvern (heavily wounded, 18% to evade)
The searing ray hits the wyvern.
The wyvern is severely wounded. (Press . to maintain the ray.)
The wyvern bites you! The wyvern bites you!!
* * * LOW HITPOINT WARNING * * *
Without enough magic to sustain it, your searing ray dissipates.
The wyvern bites you.
You die...

#.##........
#..........#
####.#..>.....#
..............#
............#
#.#..##<...+
#..........#
....#..#####.#
. #.@# #
#....l.....#
###..####...
#... ##.. ####


You could see a wyvern.

Vanquished Creatures
  Pikel (D:4)
  Prince Ribbit (D:5)
  Sigmund (D:2)
  2 orc warriors
  2 ice beasts (D:7)
  An ogre (D:7)
  A black bear (D:6)
  A phantom (D:5)
  A sky beast (D:5)
  2 centaurs (D:7)
  2 lemures
  2 big kobolds (D:7)
  2 bullfrogs
  2 scorpions
  A water moccasin skeleton (D:7)
  A howler monkey (D:5)
  2 hounds
  3 orc priests
  3 jellies
  9 orc wizards
  A bullfrog skeleton (D:5)
  2 iguanas
  Natasha (thrice) (D:3)
  Terence (D:2)
  7 worker ants
  A hound skeleton (D:4)
  8 adders
  9 gnolls
  2 shadow imps
  A white imp (D:5)
  An ufetubus (D:6)
  An ooze (D:4)
  An adder zombie (D:7)
  6 worms
  2 dart slugs
  3 leopard geckos
  23 orcs
  A ball python (D:2)
  5 giant cockroaches
  10 goblins
  13 hobgoblins
  10 jackals
  14 kobolds
  2 quokkas
  11 bats
  3 frilled lizards
  2 jackal skeletons
  8 rats
191 creatures vanquished.

Notes
Turn   | Place    | Note
-------+----------+-------------------------------------------
     0 | D:1      | trckry the Vine Stalker Conjurer began the quest for the
                  | Orb.
     0 | D:1      | Reached XP level 1. HP: 9/9 MP: 4/4
   162 | D:1      | Reached XP level 2. HP: 14/14 MP: 0/6
   165 | D:1      | Learned a level 2 spell: Searing Ray
  1116 | D:2      | Reached XP level 3. HP: 17/17 MP: 5/7
  1205 | D:2      | Reached skill level 1 in Fighting
  1418 | D:2      | Noticed Terence
  1430 | D:2      | Killed Terence
  1431 | D:2      | Gained mutation: Your natural rate of healing is unusually
                  | fast. [Vine Stalker growth]
  1431 | D:2      | Reached XP level 4. HP: 16/22 MP: 0/9
  1653 | D:2      | Found a sacrificial altar of Ru.
  1659 | D:2      | Reached XP level 5. HP: 25/25 MP: 2/10
  1896 | D:2      | Reached skill level 5 in Conjurations
  2164 | D:2      | Noticed Sigmund
  2178 | D:2      | Killed Sigmund
  2179 | D:2      | Reached skill level 1 in Evocations
  2179 | D:2      | Reached XP level 6. HP: 21/30 MP: 1/12
  2935 | D:3      | Noticed Natasha
  2939 | D:3      | Killed Natasha
  2987 | D:3      | Noticed Natasha
  2990 | D:3      | Killed Natasha
  2991 | D:3      | Reached XP level 7. HP: 35/35 MP: 8/13
  3008 | D:3      | Noticed Natasha
  3014 | D:3      | Killed Natasha
  3528 | D:4      | Reached skill level 6 in Conjurations
  3681 | D:4      | Found a staircase to the Ecumenical Temple.
  3691 | Temple   | Entered the Ecumenical Temple
  4448 | D:5      | Entered Level 5 of the Dungeon
  4449 | D:5      | Found a hide-covered altar of Uskayaw.
  4487 | D:5      | Reached skill level 1 in Shields
  4938 | D:5      | Noticed Prince Ribbit
  4968 | D:5      | Noticed Pikel
  5076 | D:4      | Killed Pikel
  5077 | D:4      | Reached skill level 7 in Conjurations
  5077 | D:4      | Gained mutation: You have razor-sharp teeth. [Vine Stalker
                  | growth]
  5077 | D:4      | Reached XP level 8. HP: 40/40 MP: 13/15
  5699 | D:5      | Found an iron altar of Okawaru.
  5831 | D:5      | Killed Prince Ribbit
  5832 | D:5      | Reached XP level 9. HP: 36/45 MP: 6/17
  5998 | D:5      | Reached skill level 5 in Spellcasting
  6533 | D:6      | Found a glowing golden altar of the Shining One.
  6608 | D:6      | Reached skill level 8 in Conjurations
  8248 | D:7      | Found a burning altar of Makhleb.
  8255 | D:7      | Reached XP level 10. HP: 38/51 MP: 11/18
  8330 | D:7      | Found an opulent altar of Gozag.
  8330 | D:7      | Found a shadowy altar of Dithmenos.
  8331 | D:7      | Found a basalt altar of Yredelemnul.
  8334 | D:7      | Found a shimmering blue altar of Sif Muna.
  8579 | D:8      | HP: 2/51 [wyvern (14)]
  8580 | D:8      | Slain by a wyvern

Illustrated notes

Levels and vault maps discovered:
D:1:      psy_arrival_conway, layout_loops_cross, minmay_misc_feat_tiny,
          minmay_3d_cube
D:2:      layout_loops_ring, nicolae_ru_great_annihilating_truth, uniq_terence,
          uniq_sigmund
D:3:      layout_rooms, minmay_diced_spiral, uniq_natasha
D:4:      layout_loops_ring, minmay_temple_entry_waves
D:5:      layout_layer_cave, eat_drink_and_be_merry_uskayaw, st_stairs_6,
          hangedman_decor_push, okawaru_altar_gauntlet_db, uniq_prince_ribbit1,
          uniq_pikel
D:6:      layout_rooms, tso_oasis_becter
D:7:      layout_loops_corners, minitemple, bloody_makhleb
D:8:      layout_basic, kennysheep_mini, lemuel_doored_altar,
          gammafunk_temple_overflow_pools, lemuel_crystal_altar, basic_altar,
          kennysheep_diamond, hangedman_abyss_or_decor_jellyfish_corner,
          grunt_tough_drop
Temple:   jpeg_temple_alley_garden

Skill      XL: |  1  2  3  4  5  6  7  8  9 |
---------------+----------------------------+-----
Fighting       | 1 2 3 4 |  4.8
Dodging        | 2 3 4 |  4.7
Spellcasting   | 3 4 5 |  5.0
Conjurations   | 5 7 8 |  8.9
Evocations     | 1 2 3 4 |  4.4
Shields        | 2 4 |  4.0
Stealth        | |  2.4

Action                   |  1- 3 |  4- 6 |  7- 9 | 10-12 || total
-------------------------+-------+-------+-------+-------++-------
Melee: Dagger            |       |     8 |     8 |       ||    16
       Bite              |       |     2 |    22 |       ||    24
       Trident           |       |       |    93 |       ||    93
 Cast: Magic Dart        |    44 |    29 |     6 |       ||    79
       Searing Ray       |     9 |    26 |    73 |     3 ||   111
 Stab: Sleeping          |       |     1 |     2 |       ||     3
Armor: Robe              |     4 |     5 |    25 |       ||    34
Dodge: Dodged            |    13 |    14 |   136 |     1 ||   164
       Repelled          |       |       |     3 |       ||     3
